 Dungeon Sprint DCSS version 0.29.1-2-gbd0b4ee654 (webtiles) character file.

Game seed: 6395014004995641928

2 Zeld the Conjurer (level 1, -1/10 HPs)
             Began as a Deep Elf Conjurer on Nov 7, 2022.
             Was a Follower of Sif Muna.
             Slain by a gnoll
             ... wielding a +0 whip
              (4 damage)
             ... in the Dungeon (Sprint VII: "The Pits").
             The game lasted 00:00:19 (106 turns).

Zeld the Conjurer (Deep Elf Conjurer)                Turns: 106, Time: 00:00:20

Health: -1/10      AC:  2    Str:  4    XL:     1   Next: 33%
Magic:  1/7        EV: 12    Int: 22    God:    Sif Muna [*.....]
Gold:   0          SH:  0    Dex: 13    Spells: 6/7 levels left

rFire   . . .      SeeInvis .   (no weapon)
rCold   . . .      Faith    .   (no shield)
rNeg    . . .      Spirit   .   a - +0 robe
rPois   .          Reflect  .   (no helmet)
rElec   .          Harm     .   (no cloak)
rCorr   .          Rampage  .   (no gloves)
Will    .....      NoTele   +   (no boots)
Stlth   ++........              (no amulet)
HPRegen 0.03/turn               (no ring)
MPRegen 0.10/turn               (no ring)

@: no status effects
A: no striking features
a: Renounce Religion, Channel Magic


You were in the Dungeon.
You worshipped Sif Muna.
Sif Muna was aware of your devotion.
You visited 1 branch

Inventory:

Armour
 a - a +0 robe (worn)
Scrolls
 g - a scroll of blinking
 i - 5 scrolls of amnesia
 j - a scroll of summoning
Potions
 b - 5 potions of magic
 c - a potion of curing
 d - a potion of heal wounds
 e - a potion of haste
 f - 3 potions of berserk rage
 h - 2 potions of invisibility


   Skills:
 + Level 2.7 Dodging
 + Level 2.8 Stealth
 * Level 3.6 Spellcasting
 * Level 4.7 Conjurations


You had 6 spell levels left.
You knew the following spells:

 Your Spells              Type           Power      Damage    Failure   Level
a - Magic Dart            Conj           100%       1d8       1%          1

Your spell library contained the following spells:

 Spells                   Type           Power      Damage    Failure   Level
 Searing Ray              Conj           50%        2d6       2%          2
 Dazzling Flash           Conj/Hex       28%        N/A       13%         3
 Fulminant Prism          Conj/Hex       7%         3d7       41%         4
 Iskenderun's Mystic Bla  Conj/Tloc      14%        2d5       41%         4


Dungeon Overview and Level Annotations

Branches:
Dungeon (1/1)

Altars:
Ashenzari
Cheibriados
Dithmenos
Elyvilon
Fedhas
Gozag
Hepliaklqana
Kikubaaqudgha
Makhleb
Nemelex Xobeh
Okawaru
Qazlal
Ru
Sif Muna
Trog
Uskayaw
Vehumet
Wu Jian
Xom
Yredelemnul
Zin
The Shining One
Jiyva
Lugonu


Message History

The magic dart hits the bat!
You kill the bat!
Sif Muna accepts your kill.
You can now call upon Sif Muna for magical energy.
Okay, then.
There is an open door here.
Things that are here:
a +0 dagger; 4 stones You start resting.
HP restored.
You start resting.
Magic restored.
As you open the door, it creaks loudly!
A bat zombie and a gnoll come into view.
The magic dart hits the gnoll.
The gnoll is lightly wounded.
The gnoll closely misses you.
The magic dart hits the gnoll.
The gnoll is moderately wounded.
The gnoll closely misses you.
The magic dart hits the gnoll.
The gnoll is heavily wounded.
The gnoll closely misses you.
The magic dart hits the gnoll.
The gnoll is heavily wounded.
The gnoll closely misses you.
The magic dart hits the gnoll but does no damage.
The gnoll is heavily wounded.
The gnoll hits you with a +0 whip!
Ouch! That really hurt!
* * * LOW HITPOINT WARNING * * *
Casting: Magic Dart (safe; 1% risk of failure)
Confirm with . or Enter, or press ? or * to list all spells.
Aiming: Magic Dart (safe; 1% risk of failure)
Press: ? - help, Shift-Dir - straight line, f/p - gnoll
Aim: a gnoll, wielding a +0 whip (heavily wounded, 100% to hit)
The magic dart hits the gnoll but does no damage.
The gnoll is heavily wounded.
The gnoll hits you with a +0 whip.
You die...

#_______.†.###########++
##########'##...........
#.?(.')))'.##......#..#
##########†##..........
#...........'...........
#+#####)#####......#..#.
#.. #.# #...........
#...#.# ####'#####+
#..Zg@# #.......#
##+#### #.......#
#.......# #...<...#
#.......# #.......#
#.......# #########


You could see a gnoll and a bat zombie.

Vanquished Creatures
  A kobold (D)
  A bat (D)
  A rat (D)
3 creatures vanquished.

Notes
Turn   | Place    | Note
-------+----------+-------------------------------------------
     0 | D        | Zeld the Deep Elf Conjurer began the quest for the Orb.
     0 | D        | Reached XP level 1. HP: 10/10 MP: 6/6
    13 | D        | Found a bloodstained altar of Trog.
    13 | D        | Found a shimmering blue altar of Sif Muna.
    13 | D        | Found a viscous altar of Jiyva.
    13 | D        | Found a hazy altar of Hepliaklqana.
    13 | D        | Found an opulent altar of Gozag.
    14 | D        | Found a glowing golden altar of the Shining One.
    14 | D        | Found a glowing silver altar of Zin.
    14 | D        | Found a basalt altar of Yredelemnul.
    14 | D        | Found a shimmering altar of Xom.
    14 | D        | Found an ornate altar of the Wu Jian Council.
    14 | D        | Found a sacrificial altar of Ru.
    14 | D        | Found a stormy altar of Qazlal.
    14 | D        | Found an iron altar of Okawaru.
    14 | D        | Found a sparkling altar of Nemelex Xobeh.
    14 | D        | Found a burning altar of Makhleb.
    14 | D        | Found a blossoming altar of Fedhas.
    14 | D        | Found a white marble altar of Elyvilon.
    14 | D        | Found a shadowy altar of Dithmenos.
    14 | D        | Found a snail-covered altar of Cheibriados.
    15 | D        | Found a radiant altar of Vehumet.
    15 | D        | Found a corrupted altar of Lugonu.
    16 | D        | Found an ancient bone altar of Kikubaaqudgha.
    16 | D        | Found a hide-covered altar of Uskayaw.
    16 | D        | Found a broken altar of Ashenzari.
    17 | D        | Became a worshipper of Sif Muna the Loreminder
    59 | D        | Reached * piety under Sif Muna
   106 | D        | Slain by a gnoll

Illustrated notes

Levels and vault maps discovered:
D:        pitsprint [storerooms_1, entrance_room_1, metal_vault_4, armoury_2,
          mini_pit_1, grid_room_1, main_hall_1, silver_pit, the_coven_3,
          the_vestibule_1, steel_vault_5, golden_pit, hallway_of_sentries,
          crystal_vault_3, iron_vault_5, final_vault]

Action                   || total
-------------------------++-------
 Cast: Magic Dart        ||    10
Armor: Robe              ||     1
Dodge: Dodged            ||     8
